 Dungeon Crawl Stone Soup version 0.22-a0-252-gcace5d2 (webtiles) character file.

1446 matakusis the Summoner (level 8, -2/35 (36) HPs)
             Began as a Deep Elf Summoner on Mar 2, 2018.
             Was an Initiate of Hepliaklqana.
             Slain by an unseen horror (10 damage)
             ... on level 7 of the Dungeon.
             The game lasted 00:40:37 (7332 turns).

matakusis the Summoner (Deep Elf Summoner)          Turns: 7332, Time: 00:40:38

HP:   -2/35 (36)    AC:  4    Str:  5    XL:     8   Next: 46%
MP:   30/31         EV: 13    Int: 26    God:    Hepliaklqana [......]
Gold: 276           SH:  0    Dex: 15    Spells: 14/24 levels left

rFire    . . .     SeeInvis .   x - +1 dagger (venom)
rCold    . . .     Gourm    .   (no shield)
rNeg     . . .     Faith    .   a - +0 robe
rPois    .         Spirit   .   (no helmet)
rElec    .         Reflect  .   (no cloak)
rCorr    .         Harm     .   (no gloves)
MR       .....                  l - +1 pair of boots
Stlth    ++........             z - amulet of magic regeneration
HPRegen  0.11/turn              A - +3 ring of intelligence
MPRegen  0.47/turn              k - ring of magical power

@: no status effects
A: reduced essence
a: Recall Ancestor, Ancestor Identity, Renounce Religion


You were on level 7 of the Dungeon.
You worshipped Hepliaklqana.
Hepliaklqana was noncommittal.
You were not hungry.

You visited 2 branches of the dungeon, and saw 9 of its levels.

You collected 276 gold pieces.

Inventory:

Hand Weapons
 s - the cursed +0 flail of the Ass {vamp, Str+5 Stlth+, unknown}
   (You found it on level 8 of the Dungeon)

   It inflicts no extra harm, but heals its wielder when it wounds a living foe.
   It affects your strength (+5).
   It makes you more stealthy.
   It has a curse placed upon it.
 t - a +1 dagger
 x - a +1 dagger of venom (weapon)
Missiles
 h - 240 stones (quivered)
 n - 111 arrows
 C - a throwing net
Armour
 a - a +0 robe (worn)
 l - a +1 pair of boots (worn)
Jewellery
 k - a ring of magical power (right hand)
 v - an uncursed ring of poison resistance
 z - an amulet of magic regeneration (around neck)
 A - a +3 ring of intelligence (left hand)
 B - an uncursed ring of teleportation
Wands
 d - a wand of disintegration (10)
 o - a wand of acid (11)
 y - a wand of polymorph (19)
Scrolls
 b - 2 scrolls of blinking
 e - 3 scrolls of teleportation
 g - a scroll of fear
 r - 2 scrolls of enchant armour
 w - a scroll of amnesia
Potions
 f - 5 potions of curing
 i - a potion of magic {unknown}
 j - 2 potions of heal wounds
 m - a potion of ambrosia {unknown}
 p - a potion of mutation {unknown}
 q - 3 potions of might
 u - 2 potions of brilliance {unknown}
 D - a potion of invisibility {unknown}
Comestibles
 c - 12 rations


   Skills:
 - Level 2.4 Dodging
 - Level 2.4 Stealth
 + Level 8.6 Spellcasting
 * Level 10.3 Summonings


You had 14 spell levels left.
You knew the following spells:

 Your Spells              Type           Power        Failure   Level  Hunger
b - Call Imp              Summ           ######..     1%          2    None
c - Summon Lightning Spi  Summ/Air       #####...     6%          4    ##.....
d - Summon Ice Beast      Ice/Summ       #####...     6%          4    ##.....


Dungeon Overview and Level Annotations

Branches:
Dungeon (8/15)             Temple (1/1) D:6
   Lair: D:8-11

Altars:
Ashenzari
Cheibriados
Dithmenos
Elyvilon
Fedhas
Gozag
Hepliaklqana
Kikubaaqudgha
Makhleb
Nemelex Xobeh
Okawaru
Qazlal
Ru
Trog
Uskayaw
Vehumet
Wu Jian
Xom
Zin
The Shining One


Message History

Something barely misses you.
There is an open door here.
Deactivating autopickup; reactivate with Ctrl-A.
You hit something but do no damage. Something hits you but does no damage.
Something hits you. Something hits you. Something hits you. x2
Something hits you.
You swap places.
Something hits your ice beast.
Something closely misses your ice beast.
Your ice beast hits something.
Your ice beast freezes something!
Something hits you but does no damage.
There is an open door here.
Something hits you but does no damage. Something hits you!
* * * LOW HITPOINT WARNING * * *
Something hits you.
* * * LOW HITPOINT WARNING * * *
Something hits you!
You die...

#.......###......# #######...
#.......'.+......# #....##...
#.......###......#####....##...
#................'...'........>
#.......######...#####.....###.
###.......# ##### #......##.
..........# #......##?
#############################.##.
.........Y.@......8# #.##.
.........#Y........# #..#.
.........#.........# #..#.
.........#8........# #....
'##############'#########.#.
##### #....#...>#.#. ....#
#....#....#... ###.#
#...)#....#... #.# #....'....#...


You could see 2 friendly ice beasts.

Vanquished Creatures
  A hound skeleton (D:4)
  An adder (D:2)
  A rat (D:1)
3 creatures vanquished.

Vanquished Creatures (collateral kills)
  The ghost of NormalPerson7 the Basher, a novice DsCK of Xom (D:6)
  Sigmund (D:2)
  A hungry ghost (D:7)
  A water moccasin (D:5)
  2 ice beasts
  A phantom (D:6)
  A sky beast (D:6)
  A necrophage (D:6)
  3 ogres
  A centaur (D:6)
  2 bullfrogs (D:6)
  2 scorpions
  A jelly (D:5)
  A howler monkey (D:5)
  3 crimson imps
  2 hounds
  3 centaur skeletons
  3 orc priests
  An orc wizard (D:4)
  An iguana (D:5)
  5 worker ants
  A killer bee zombie (D:8)
  A worker ant zombie (D:5)
  3 adders
  3 gnolls (D:2)
  An adder zombie (D:7)
  An ooze (D:6)
  5 worms
  3 dart slugs
  The ghost of ThereIsNoGod the Stinger, a weakling SpVM (D:4)
  6 leopard geckos
  16 orcs
  6 giant cockroaches
  7 goblins
  2 hobgoblins (D:1)
  3 jackals
  3 quokkas
  A ball python (D:7)
  3 bats
  4 frilled lizards
  11 kobolds
  A leopard gecko skeleton (D:5)
  3 quokka skeletons
  14 rats
136 creatures vanquished.

Vanquished Creatures (others)
  An ancestor (D:7)
1 creature vanquished.

Grand Total: 140 creatures vanquished

Notes
Turn   | Place    | Note
-------+----------+-------------------------------------------
     0 | D:1      | matakusis the Deep Elf Summoner began the quest for the Orb.
     0 | D:1      | Reached XP level 1. HP: 10/10 MP: 6/6
   284 | D:1      | Reached XP level 2. HP: 15/15 MP: 5/8
   288 | D:1      | Learned a level 2 spell: Call Imp
   845 | D:1      | Reached skill level 5 in Summonings
  1421 | D:2      | Noticed Sigmund
  1435 | D:2      | Killed Sigmund
  1435 | D:2      | Reached XP level 3. HP: 19/19 MP: 0/10
  1435 | D:2      | Reached XP level 4. HP: 24/24 MP: 0/12
  1615 | D:2      | Reached skill level 6 in Summonings
  2035 | D:2      | Noticed a moth of wrath
  2063 | D:2      | Found a bloodstained altar of Trog.
  2276 | D:2      | Learned a level 4 spell: Summon Lightning Spire
  2281 | D:2      | Learned a level 4 spell: Summon Ice Beast
  2791 | D:3      | Reached XP level 5. HP: 17/28 MP: 5/13
  3194 | D:3      | Found a stormy altar of Qazlal.
  3195 | D:3      | Noticed an air elemental
  3196 | D:3      | Noticed a water elemental
  3197 | D:3      | Noticed a fire elemental
  3483 | D:4      | Found a white marble altar of Elyvilon.
  3486 | D:4      | Noticed ThereIsNoGod's ghost (weakling SpVM)
  3494 | D:4      | Killed ThereIsNoGod's ghost
  3691 | D:4      | Reached skill level 5 in Spellcasting
  3749 | D:4      | Reached skill level 7 in Summonings
  3765 | D:4      | Noticed an ogre
  3775 | D:4      | Killed an ogre
  3775 | D:4      | Reached XP level 6. HP: 32/32 MP: 2/16
  3971 | D:5      | Entered Level 5 of the Dungeon
  4144 | D:5      | Noticed a water moccasin
  4152 | D:5      | Killed a water moccasin
  4156 | D:5      | Noticed an ice beast
  4191 | D:5      | Killed an ice beast
  4739 | D:5      | Reached skill level 8 in Summonings
  4833 | D:5      | Found a burning altar of Makhleb.
  5049 | D:6      | Reached XP level 7. HP: 36/36 MP: 13/18
  5090 | D:6      | Noticed NormalPerson7's ghost (novice DsCK)
  5612 | D:6      | Reached skill level 9 in Summonings
  5778 | D:6      | Identified a scroll of acquirement
  5933 | D:6      | Killed NormalPerson7's ghost
  5933 | D:6      | Reached XP level 8. HP: 40/40 MP: 2/22
  6119 | D:6      | Found a staircase to the Ecumenical Temple.
  6181 | Temple   | Entered the Ecumenical Temple
  6346 | Temple   | Became a worshipper of Hepliaklqana the Forgotten
  6415 | D:6      | Reached skill level 10 in Summonings
  6647 | D:7      | Found a stormy altar of Qazlal.
  7229 | D:8      | Got a transparent flail
  7332 | D:7      | Slain by an unseen horror

Vault maps used:
D:1:      minmay_arrival_up_and_down
D:2:      tgw_trog, uniq_sigmund
D:3:      first_ration, nicolae_qazlal_style_of_elements
D:4:      nicolae_overflow_crystal_walls, grunt_ministairs_9
D:5:      lightli_temple_of_fire
D:6:      kennysheep_six_static_rooms, minmay_temple_entry_poolview
D:7:      minmay_klotski, lemuel_crystal_altar
D:8:      led_sif_book
Temple:   eino_temple_scatter_basement

Skill      XL: |  1  2  3  4  5  6  7  8 |
---------------+-------------------------+-----
Summonings     | 5 6 7 8 9 10 | 10.3
Spellcasting   | 4 5 6 8 |  8.6
Dodging        | |  2.4
Stealth        | |  2.4

Action                   |  1- 3 |  4- 6 |  7- 9 || total
-------------------------+-------+-------+-------++-------
Melee: Unarmed           |    27 |     1 |       ||    28
       Dagger            |       |    32 |    23 ||    55
 Cast: Summon Small Mamm |    36 |       |       ||    36
       Call Imp          |     9 |    27 |     3 ||    39
       Summon Lightning  |       |    21 |    24 ||    45
       Summon Ice Beast  |       |    17 |    23 ||    40
  Use: Scroll            |     4 |     7 |     4 ||    15
 Stab: Distracted        |     1 |       |       ||     1
  Eat: Chunk             |     2 |    16 |     6 ||    24
       Ration            |       |       |     2 ||     2
Armor: Robe              |     6 |     8 |    10 ||    24
Dodge: Dodged            |    25 |    39 |    17 ||    81

Table legend:
 A = Spawn XP
 B = Non-spawn XP
 C = Spawn XP percentage of total XP
 D = Spawn monster count
 E = Non-spawn monster count
 F = Spawn count percentage of total count
 G = Total turns spent on level
                    A         B        C        D         E        F      G
               +---------+---------+-------+---------+---------+-------+---------
         Total |       0 |    2067 |   0.0 |       0 |     139 |   0.0 |  7332
               +---------+---------+-------+---------+---------+-------+---------
           D:1 |       0 |      25 |   0.0 |       0 |      24 |   0.0 |  1409
           D:2 |       0 |     169 |   0.0 |       0 |      31 |   0.0 |  1370
           D:3 |       0 |      27 |   0.0 |       0 |      13 |   0.0 |   683
           D:4 |       0 |     212 |   0.0 |       0 |      16 |   0.0 |   509
           D:5 |       0 |     284 |   0.0 |       0 |      17 |   0.0 |  1123
           D:6 |       0 |    1161 |   0.0 |       0 |      30 |   0.0 |  1243
           D:7 |       0 |     174 |   0.0 |       0 |       7 |   0.0 |   698
           D:8 |       0 |      15 |   0.0 |       0 |       1 |   0.0 |   122
               +---------+---------+-------+---------+---------+-------+---------
